 Dungeon Crawl Stone Soup version 0.31-a0-1172-g9944ec4 (webtiles) character file.

Game seed: 3377608039828717645

2305115 Kearsarge the Skinwalker (level 25, 223/223 HPs)
             Began as a Merfolk Fighter on Dec 10, 2023.
             Was an Initiate of Gozag.
             Escaped with the Orb
             ... and 3 runes!
             The game lasted 00:57:14 (37072 turns).

Kearsarge the Skinwalker (Merfolk Fighter)         Turns: 37072, Time: 00:57:14

Health: 223/223    AC: 14    Str: 25    XL:     25   Next: 52%
Magic:  23/23      EV: 54    Int: 13    God:    Gozag
Gold:   1644       SH:  0    Dex: 16    Spells: 24/24 levels left

rFire   + . .        a - melded +2 trident (spect)
rCold   . . .        c - melded +0 buckler
rNeg    + . .        f - melded +1 leather armour of the Turtle {rN+ Regen+ Str+3 Int-3}
rPois   ∞            (helmet currently unavailable)
rElec   +            u - melded +2 ratskin cloak {*Rats rPois rN+ Str-1 Int-1 Dex+1}
rCorr   +            m - melded +0 pair of gloves
SInv    .            k - melded +0 pair of boots
Will    +++..        Q - amulet "Dafiseas" {Acrobat Drain Will+ Regen+ Int+3}
Stlth   +            J - ring of Checkmate {Drain rN+ Will+ rCorr}
HPRegen 1.37/turn    C - ring "Woom" {rElec rF+ Dex+2 Stlth+}
MPRegen 0.18/turn

%: acrobat
@: storm-form, flying
A: cleaving, insubstantial, flying, (nimble swimmer 2), (mertail)
0: Orb of Zot
}: 3/15 runes: barnacled, silver, gossamer
a: Blinkbolt, Begin Untransformation, Renounce Religion, Potion Petition, Call
Merchant, Bribe Branch


You escaped.
You worshipped Gozag.
Gozag was most pleased with you.
You were a lightning-filled tempest!
You visited 10 branches of the dungeon, and saw 48 of its levels.
You visited 1 bazaar.
You also visited: Sewer and Volcano.

You collected 23705 gold pieces.
You spent 3880 gold pieces at shops.
You paid 18181 gold pieces to Gozag.

Inventory:

Hand Weapons
 a - a +2 spectral trident (melded)
Missiles
 P - 10 throwing nets
Armour
 c - a +0 buckler (melded)
 f - the +1 leather armour of the Turtle (melded) {rN+ Regen+ Str+3 Int-3}
   (You found it on level 3 of the Dungeon)

   Str+3:     It affects your strength (+3).
   Int-3:     It affects your intelligence (-3).
   rN+:       It protects you from negative energy.
   Regen+:    It increases your rate of health regeneration.
 k - a +0 pair of boots (melded)
 m - a +0 pair of gloves (melded)
 u - the +2 ratskin cloak (melded) {*Rats rPois rN+ Str-1 Int-1 Dex+1}
   (You found it on level 5 of the Dungeon)

   *Rats:     When the wearer is hurt, rats may emerge from it to assist them.
   Str-1:     It affects your strength (-1).
   Int-1:     It affects your intelligence (-1).
   Dex+1:     It affects your dexterity (+1).
   rPois:     It protects you from poison rN+: It protects you from negative
   energy.
Jewellery
 y - a ring of protection from cold
 C - the ring "Woom" (right fist) {rElec rF+ Dex+2 Stlth+}
   (You bought it in a shop on level 1 of the Lair of Beasts)

   [ring of protection from fire]

   Dex+2:     It affects your dexterity (+2).
   rF+:       It protects you from fire.
   rElec:     It insulates you from electricity.
   Stlth+:    It makes you more stealthy.
 H - a ring of protection from fire
 J - the ring of Checkmate (left fist) {Drain rN+ Will+ rCorr}
   (You bought it in a shop on level 1 of the Lair of Beasts)

   [ring of resist corrosion]

   rN+:       It protects you from negative energy.
   Will+:     It increases your willpower.
   rCorr:     It protects you from acid and corrosion.
   Drain:     It drains your maximum health when unequipped.
 Q - the amulet "Dafiseas" (around neck) {Acrobat Drain Will+ Regen+ Int+3}
   (You found it on level 5 of the Lair of Beasts)

   [amulet of the acrobat]

   Acrobat:   It increases your evasion while moving and waiting.
   Int+3:     It affects your intelligence (+3).
   Will+:     It increases your willpower.
   Regen+:    It increases your rate of health regeneration.
   Drain:     It drains your maximum health when unequipped.
 X - a ring of willpower
Talismans
 I - a storm talisman (active)
Wands
 n - a wand of polymorph (16)
 p - a wand of iceblast (41)
 B - a wand of paralysis (61)
 D - a wand of digging (9)
 F - a wand of mindburst (22)
 G - a wand of flame (53)
 Y - a wand of acid (5)
Scrolls
 j - 8 scrolls of fear
 l - 5 scrolls of blinking
 t - 9 scrolls of fog
 v - 5 scrolls of amnesia
 w - 6 scrolls of poison
 z - a scroll of silence
 A - 17 scrolls of teleportation
 E - 2 scrolls of brand weapon
 O - 6 scrolls of vulnerability
 S - 3 scrolls of enchant armour
 U - 4 scrolls of immolation
 V - a scroll of summoning
 W - a scroll of torment
 Z - 2 scrolls of noise
Potions
 b - 5 potions of resistance
 d - 2 potions of might
 e - 2 potions of invisibility
 h - 4 potions of enlightenment
 i - 5 potions of cancellation
 o - 4 potions of mutation
 q - 5 potions of haste
 r - 5 potions of ambrosia
 s - 14 potions of curing
 x - 3 potions of magic
 K - 11 potions of heal wounds
 N - 6 potions of brilliance
 R - 4 potions of lignification
 T - 7 potions of attraction
Miscellaneous
 L - a lightning rod (4/4)
 M - a phantom mirror


   Skills:
 - Level 24.1 Fighting
 - Level 12.6 Polearms
 - Level 2.1 Armour
 - Level 26.2 Dodging
 - Level 3.0 Shields
 - Level 24.5 Unarmed Combat
 + Level 26.6 Shapeshifting


You had 24 spell levels left.
You didn't know any spells.
Your spell library contained the following spells:

 Spells                   Type           Power      Damage    Failure   Level
 Foxfire                  Conj/Fire      0%         2x1d4     30%         1
 Freeze                   Ice            0%         1d3       30%         1
 Kiss of Death            Conj/Necr      0%         2d5       30%         1
 Shock                    Conj/Air       0%         1d3       30%         1
 Slow                     Hex            0%         N/A       30%         1
 Sting                    Tmut/Pois      0%         1d3       30%         1
 Summon Small Mammal      Summ           0%         N/A       30%         1
 Blink                    Tloc           0%         N/A       43%         2
 Cigotuvi's Dreadful Rot  Necr/Pois/Air  0%         N/A       43%         2
 Ensorcelled Hibernation  Hex/Ice        0%         N/A       43%         2
 Jinxbite                 Hex            0%         N/A       43%         2
 Lesser Beckoning         Tloc           0%         N/A       43%         2
 Momentum Strike          Conj/Tloc      0%         3d8       43%         2
 Passwall                 Tmut/Erth      0%         N/A       43%         2
 Poisonous Vapours        Pois/Air       0%         N/A       43%         2
 Wereblood                Tmut           0%         N/A       43%         2
 Confusing Touch          Hex            0%         N/A       67%         3
 Frozen Ramparts          Ice            0%         1d1       67%         3
 Hailstorm                Conj/Ice       0%         3d5       67%         3
 Ignite Poison            Fire/Tmut/Pois 0%         N/A       67%         3
 Ozocubu's Armour         Ice            0%         N/A       67%         3
 Sigil of Binding         Hex            0%         N/A       67%         3
 Swiftness                Air            0%         N/A       67%         3
 Tukima's Dance           Hex            0%         N/A       67%         3
 Vampiric Draining        Necr           0%         2d6       67%         3
 Airstrike                Air            0%         2d(0-16)  97%         4
 Anguish                  Hex/Necr       0%         N/A       97%         4
 Dispel Undead            Necr           0%         3d6       97%         4
 Manifold Assault         Tloc           0%         N/A       97%         4
 Olgreb's Toxic Radiance  Pois           0%         N/A       97%         4
 Passage of Golubria      Tloc           0%         N/A       97%         4
 Petrify                  Tmut/Erth      0%         N/A       97%         4
 Vhi's Electric Charge    Tloc/Air       0%         N/A       97%         4
 Arcjolt                  Conj/Air       0%         1d10      100%        5
 Freezing Cloud           Conj/Ice/Air   0%         6-21      100%        5
 Irradiate                Conj/Tmut      0%         3d11      100%        5
 Silence                  Hex/Air        0%         N/A       100%        5
 Summon Forest            Summ/Tloc      0%         N/A       100%        5
 Yara's Violent Unravell  Hex/Tmut       0%         3d3       100%        5
 Eringya's Noxious Bog    Tmut/Pois      0%         4d6       100%        6
 Plasma Beam              Fire/Air       0%         2x1d10    100%        6
 Malign Gateway           Summ/Tloc      0%         N/A       100%        7
 Ozocubu's Refrigeration  Ice            0%         4d7       100%        7
 Lehudib's Crystal Spear  Conj/Erth      0%         10d2      100%        8
 Maxwell's Capacitive Co  Air            0%         ∞         100%        8
 Chain Lightning          Conj/Air       0%         N/A       100%        9
 Fire Storm               Conj/Fire      0%         5d1       100%        9
 Polar Vortex             Ice            0%         N/A       100%        9
 Shatter                  Erth           0%         3d5*      100%        9
 Sublimation of Blood     Necr           Unusable   N/A       N/A         2
 Simulacrum               Ice/Necr       Unusable   N/A       N/A         6

Dungeon Overview and Level Annotations

Branches:
Dungeon (15/15)            Temple (1/1) D:5            Lair (5/5) D:9
 Shoals (4/4) Lair:2       Spider (4/4) Lair:3        Slime (0/5) Lair:4
    Orc (2/2) D:11            Elf (3/3) Orc:2        Vaults (5/5) D:14
  Crypt (0/3) Vaults:3     Depths (4/4) D:15            Zot (5/5) Depths:4
  Sewer (visited)         Volcano (visited)

Altars:
Ashenzari
Cheibriados
Dithmenos
Elyvilon
Fedhas
Gozag
Hepliaklqana
Kikubaaqudgha
Makhleb
Nemelex Xobeh
Okawaru
Qazlal
Ru
Sif Muna
Trog
Uskayaw
Vehumet
Wu Jian
Xom
Yredelemnul
Zin
The Shining One
Jiyva

Shops:
D:1 :   D:6 =*   D:9 :   D:13 =   Orc:1 ?   Orc:2 ([*:*   Elf:1 **   Elf:3 :
Lair:1 =   Lair:2 !   Lair:4 !   Shoals:3 *   Spider:1 ?   Vaults:1 *
Vaults:2 (=   Vaults:4 =?[

Portals:
Hell: Depths:2
Pandemonium: Depths:2
Ziggurat: Depths:4

Annotations:
D:6 1 runed translucent door, Crazy Yiuf
D:14 Rupert
D:15 3 runed translucent doors, WinterFox's ghost, journeyman DgCj
Shoals:4 1 runed translucent door, Dega's ghost, adept SpHu
Elf:2 3 runed translucent doors


Innate Abilities, Weirdness & Mutations

You are a lightning-filled tempest!
Your electrical attacks strike out in all directions at once.
You are incredibly evasive.
Your insubstantial body is immune to petrification, constriction, and being set on fire You are flying.
Your armour is entirely melded.
You are incapable of wielding weapons or throwing items.
You are immune to poison.
((You are very nimble when in or above water. (Stealth+, EV+, Speed+++)))
((Your lower body shifts to a powerful aquatic tail in water.))


Message History

You kill the seraph!
You barely miss the angel.
You blast the angel!!!
Your punch misses the angel.
The angel is moderately wounded.
The angel hits you with a +2 whip of holy wrath.
The angel closely misses you.
You buffet the angel!
The angel is heavily wounded.
You blast the angel!!!
Your punch misses the angel.
The angel is almost dead.
The angel completely misses you. The angel misses you.
You buffet the angel!
You kill the angel!
You now have 1644 gold pieces (gained 11).
Items here: )) [[.
What level of the Dungeon? (default 4, ? - help)
You swap places.
Items here: )) [[.
There is a stone staircase leading down here.
There is a stone staircase leading up here.
You fly upwards.
Your summoned ally is left behind.
There is a stone staircase leading down here.
There is a stone staircase leading up here.
You fly upwards.
There is a stone staircase leading down here.
Your extra speed is starting to run out.
You feel yourself slow down.
There is a stone staircase leading up here.
You fly upwards.
There is a stone staircase leading down here.
Aiming: Dig
Press: ? - help, Q - select action, (/) - cycle Shift-Dir - straight line You can't see that place. [the floor.]
The rock shatters into small pieces.
You feel a little less mighty now.
Blink to where?
Press: ? - help, Q - select action, (/) - cycle Dir - move target
As you read the scroll of blinking, it crumbles to dust.
You have escaped!

.......................'.....+.>.
................###+####.....##.#
####.................#...........
#.................#§#####..#..
####.........##........# #..#..
#............######..#### ##..#.#
#............# ##..♣....♣.##..#.#
#.......########...........#..#.#
........# ###.v......♣..♣####.÷
........# #≈.............# ###
......#######..............# ###
####.......#♣..............♣###..
####.......#♣................#∩##
...........##.....♣.....8......##
..........####∩#...............##
..........# #.∩................#
..........# ###...............♣#


There were no monsters in sight!

Vanquished Creatures
  A seraph (D:4)
  A dread lich (Vaults:3)
  An orb of fire (Zot:5)
  An ancient lich (Vaults:5)
  Margery (Vaults:5)
  Bai Suzhen (Vaults:3)
  The ghost of Jachav the Sorcerer, a veteran DECj of Vehumet (Vaults:4)
  5 caustic shrikes (Depths:4)
  5 golden dragons
  4 curse toes
  Arachne (Spider:3)
  An electric golem (Zot:5)
  11 tentacled monstrosities
  An Ice Fiend (Depths:4)
  18 Orb Guardians
  A deep elf blademaster (Elf:3)
  4 deep elf master archers (Elf:3)
  8 quicksilver dragons
  A titan (Vaults:5)
  2 sphinxes
  Frances (D:12)
  A kraken (Shoals:4)
  11 death cobs
  9 shadow dragons
  Polyphemus (Shoals:2)
  Ilsuiw (Shoals:4)
  Kirke (D:14)
  12 storm dragons
  2 tengu reavers
  Aizul (Vaults:1)
  3 draconian monks
  Roxanne (Shoals:3)
  Donald (Orc:2)
  6 frost giants
  3 iron dragons
  4 draconian knights
  4 draconian scorchers
  7 deep elf sorcerers
  3 emperor scorpions
  5 fire giants
  6 balrugs
  13 vault wardens
  5 ghost moths
  4 deep elf elementalists
  A reaper (D:10)
  3 draconian shifters
  3 orc warlords
  An angel (D:4)
  A draconian annihilator (Depths:4)
  6 draconian stormcallers
  17 ironbound preservers
  A spriggan defender (Depths:2)
  6 stone giants
  8 ironbound thunderhulks
  A war gargoyle (Vaults:5)
  7 very ugly things
  A demonspawn corrupter (D:9)
  4 broodmothers (Spider:1)
  Nessos (D:13)
  7 green draconians
  2 vampire knights
  9 deep elf demonologists
  10 white draconians
  5 black draconians
  3 purple draconians (Depths:4)
  10 dire elephants
  2 red draconians (Zot:3)
  A demonspawn black sun (D:9)
  3 spark wasps
  9 deep elf annihilators (Elf:3)
  6 yellow draconians
  A blizzard demon (Depths:4)
  An eidolon (Vaults:3)
  4 merfolk javelineers
  7 deep elf death magi
  11 ettins
  4 entropy weavers
  7 merfolk impalers
  3 fire dragons
  6 yaktaur captains
  3 crystal guardians
  A hell beast (D:10)
  7 deep elf high priests
  26 vault guards
  Fannar (Lair:2)
  5 great orbs of eyes
  9 hydras
  12 ironbound frosthearts
  2 ogre magi
  2 ice dragons
  4 jorogumos (Spider:4)
  8 centaur warriors
  2 alligators (Shoals:3)
  2 radroaches
  A rakshasa (Depths:3)
  An alligator snapping turtle (Shoals:3)
  7 merfolk avatars
  4 peacekeepers
  2 catoblepae
  5 two-headed ogres
  5 boulder beetles
  3 satyrs
  7 merfolk aquamancers
  12 dancing weapons
  7 tengu warriors
  7 death scarabs (Spider:4)
  8 death yaks
  4 orc high priests
  7 demonic crawlers
  Urug (Lair:4)
  3 hell hogs (Depths:4)
  3 soul eaters
  An occultist (D:15)
  A spriggan berserker (Depths:2)
  16 deep elf knights
  11 hell knights
  6 skysharks
  7 sun demons
  3 skeletal warriors (Depths:4)
  Amaemon (Lair:3)
  2 quicksilver dragon simulacra (Depths:4)
  3 sun moths
  A death drake (shapeshifter) (Elf:2)
  3 iron trolls
  A goliath frog (Shoals:3)
  10 sea snakes
  10 pharaoh ants
  20 deep trolls
  4 orb spiders
  5 arcanists
  2 glowing orange brains
  A steelbarb worm (shapeshifter) (Elf:3)
  10 deep elf archers
  13 orc knights
  2 wolf spider zombies (Spider:4)
  5 necromancers
  5 steelbarb worms
  3 spectral wolf spiders (Spider:4)
  16 deep elf zephyrmancers
  5 phantasmal warriors
  17 lindwurms
  17 ironbound convokers
  29 deep elf pyromancers
  13 fauns
  19 harpies
  24 wolf spiders
  15 ugly things
  3 orc sorcerers (Orc:2)
  21 manticores
  9 cyclopes
  10 merfolk sirens
  14 moths of wrath
  9 elephants
  6 black mambas
  21 vault sentinels
  6 torpor snails
  A kobold blastminer (Orc:2)
  An ice statue (Depths:4)
  3 water nymphs
  2 gargoyles (D:12)
  12 cane toads
  A torpor snail (shapeshifter) (D:15)
  A hellion (Zot:2)
  4 spectral redbacks (Spider:4)
  A smoke demon (Depths:2)
  2 efreet (D:14)
  4 rime drakes
  An orange demon (Lair:3)
  3 unseen horrors
  An unseen horror (shapeshifter) (Elf:1)
  15 komodo dragons
  A kobold demonologist (D:10)
  9 yaktaurs
  2 tormentors
  2 tengu conjurers
  4 freezing wraiths
  35 merfolk
  2 redback zombies (Spider:4)
  A polar bear (Lair:5)
  6 trolls
  9 wind drakes
  5 spectral jumping spiders (Spider:4)
  A hornet (shapeshifter) (D:15)
  A spectral culicivora (Spider:4)
  28 tarantellas
  27 blink frogs
  5 hornets
  10 dream sheep
  2 glass eyes (Zot:2)
  13 snapping turtles
  6 spectral tarantellas (Spider:4)
  A tarantella zombie (Spider:4)
  40 slime creatures
  24 culicivoras
  25 jumping spiders
  20 water elementals
  A vampire (D:10)
  2 spriggans (Depths:2)
  2 air elementals
  7 wyverns
  A shadow (D:13)
  2 wraiths (Vaults:3)
  Grum (Lair:1)
  10 fire elementals
  59 yaks
  5 basilisks
  2 steam dragons
  5 hogs (D:14)
  37 redbacks
  A redback (shapeshifter) (Vaults:5)
  2 swamp worms (shapeshifter)
  3 wargs
  4 acid dragons
  2 hell hounds (Volcano)
  20 water moccasins
  29 orc warriors
  5 ettin simulacra (Depths:4)
  2 sky beasts
  A black bear (D:9)
  5 centaurs
  11 ogres
  13 wolves
  A boggart (Vaults:1)
  A phantom (D:5)
  6 kobold brigands
  Blork the orc (D:6)
  15 bullfrogs
  2 gnoll sergeants (D:11)
  2 necrophages (D:4)
  2 scorpions
  2 water moccasin zombies (D:4)
  3 wights (D:4)
  5 killer bees
  4 electric eels
  A crimson imp (D:4)
  5 jellies
  5 hounds
  11 orc priests
  A human zombie (D:4)
  Terence (D:3)
  4 iguanas
  A sleepcap (D:6)
  A gnoll bouda (D:8)
  22 orc wizards
  2 scorpion zombies (D:4)
  A mummy (D:4)
  7 gnolls
  5 adders
  2 river rats (Sewer)
  5 shadow imps
  A white imp (D:4)
  6 ufetubi
  An adder zombie (D:4)
  A worm (D:2)
  3 dart slugs
  63 orcs
  7 bats
  11 endoplasms
  5 giant cockroaches
  6 goblins
  8 hobgoblins
  6 jackals (D:2)
  5 quokkas
  8 ball pythons
  8 frilled lizards
  22 kobolds
  24 rats
  A spectral weapon (Depths:1)
  4 tentacles (Shoals:4)
1788 creatures vanquished.

Vanquished Creatures (collateral kills)
  A dread lich (Zot:5)
  2 Killer Klowns (Zot:5)
  An electric golem (Zot:5)
  A tentacled monstrosity (Zot:5)
  7 Orb Guardians (Zot:5)
  A shadow dragon (Vaults:5)
  2 storm dragons (Zot:5)
  A death cob (Zot:5)
  A deep elf sorcerer (Elf:3)
  A vault warden (Vaults:5)
  A draconian scorcher (Zot:5)
  An ironbound preserver (Vaults:5)
  A yellow draconian (Zot:5)
  An ettin (Vaults:5)
  A yaktaur captain (Vaults:5)
  2 vault guards (Vaults:5)
  A deep troll earth mage (Vaults:5)
  A deep elf knight (Elf:3)
  A skyshark (shapeshifter) (Vaults:5)
  An iron troll (Vaults:5)
  2 deep trolls (Vaults:5)
  2 ironbound convokers (Vaults:5)
  2 deep elf pyromancers (Elf:3)
  3 moths of wrath (Zot:5)
  2 yaks
  A vampire (D:10)
  A water moccasin (D:8)
  A phantom (D:6)
  A bullfrog (D:8)
  An electric eel (D:8)
  A jelly (D:6)
  3 orc wizards
49 creatures vanquished.

Vanquished Creatures (others)
  2 dread liches
  An orb of fire (Zot:5)
  2 Killer Klowns (Zot:5)
  2 Orb Guardians (Zot:5)
  Asterion (Depths:1)
  A tengu reaver (Vaults:5)
  2 frost giants (Vaults:5)
  3 vault wardens (Vaults:5)
  Louise (Elf:3)
  3 ironbound preservers (Vaults:5)
  A very ugly thing (Vaults:5)
  2 stone giants (Vaults:5)
  A black draconian (Zot:5)
  A deep elf annihilator (Vaults:5)
  An ettin (Vaults:5)
  2 yaktaur captains (Vaults:5)
  9 vault guards (Vaults:5)
  An ogre mage (Vaults:5)
  A merfolk aquamancer (Shoals:4)
  A hell knight (Vaults:5)
  A sea snake (shapeshifter) (Vaults:5)
  A death drake (Zot:5)
  A steelbarb worm (shapeshifter) (Vaults:5)
  An orc knight (Vaults:5)
  A moth of wrath (Zot:4)
  2 vault sentinels (Vaults:5)
  5 yaktaurs (Vaults:5)
  A swamp worm (shapeshifter) (Vaults:5)
  An orc warrior (Vaults:5)
  An orc wizard (Vaults:5)
  2 orcs
  6 spectral weapons
  2 tentacles (Shoals:4)
63 creatures vanquished.

Grand Total: 1900 creatures vanquished

Notes
Turn   | Place    | Note
-------+----------+-------------------------------------------
     0 | D:1      | Kearsarge the Merfolk Fighter began the quest for the Orb.
     0 | D:1      | Reached XP level 1. HP: 18/18 MP: 1/1
   100 | D:1      | Reached XP level 2. HP: 24/24 MP: 2/2
   301 | D:1      | Found Nousiuch's Book Shop.
   527 | D:2      | Reached XP level 3. HP: 21/30 MP: 3/3
  1131 | D:3      | Reached XP level 4. HP: 37/37 MP: 4/4
  1167 | D:3      | Identified the +1 leather armour of the Turtle {rN+ Regen+
                  | Str+3 Int-3}
  1290 | D:3      | Reached skill level 5 in Polearms
  1597 | D:3      | Noticed Terence
  1607 | D:3      | Killed Terence
  1770 | D:4      | Reached XP level 5. HP: 16/43 MP: 5/5
  1859 | D:4      | Found a glowing drain.
  1862 | Sewer    | Entered a sewer
  1975 | Sewer    | Reached XP level 6. HP: 49/50 MP: 6/6
  2330 | D:5      | Entered Level 5 of the Dungeon
  2352 | D:5      | Reached skill level 5 in Fighting
  2369 | D:5      | Found a staircase to the Ecumenical Temple.
  2375 | D:5      | Noticed a water moccasin
  2391 | D:5      | Killed a water moccasin
  2393 | Temple   | Entered the Ecumenical Temple
  2400 | Temple   | Became a worshipper of Gozag Ym Sagoz the Greedy
  2692 | D:4      | Reached XP level 7. HP: 56/56 MP: 7/7
  2875 | D:4      | Found a basalt altar of Yredelemnul.
  2998 | D:4      | Reached XP level 8. HP: 65/65 MP: 8/8
  3027 | D:4      | Reached skill level 10 in Polearms
  3410 | D:5      | Found the +2 ratskin cloak {*Rats rPois rN+ Str-1 Int-1
                  | Dex+1}
  4365 | D:6      | Noticed Blork the orc
  4376 | D:6      | Killed Blork the orc
  4444 | D:6      | Found Niwn's Jewellery Boutique.
  4453 | D:6      | Bought an amulet of regeneration for 420 gold pieces
  4487 | D:6      | Found Fuideb's Lightly-Used Armoury.
  4499 | D:6      | Reached skill level 1 in Shapeshifting
  4499 | D:6      | Reached XP level 9. HP: 73/73 MP: 9/9
  4606 | D:6      | Found a shimmering altar of Xom.
  4816 | D:6      | Found a runed translucent door.
  4817 | D:6      | Noticed Crazy Yiuf
  4847 | D:7      | Found a glowing silver altar of Zin.
  4919 | D:7      | Reached skill level 5 in Shapeshifting
  5165 | D:7      | Found an iron altar of Okawaru.
  5379 | D:8      | Reached XP level 10. HP: 80/80 MP: 10/10
  5384 | D:8      | Reached skill level 10 in Shapeshifting
  6368 | D:9      | Found Tesuufuwixt's Self-Published Books.
  6509 | D:9      | Reached XP level 11. HP: 85/85 MP: 11/11
  6510 | D:9      | Reached XP level 12. HP: 92/92 MP: 12/12
  6621 | D:9      | Found a staircase to the Lair.
  6661 | D:9      | Found a stormy altar of Qazlal.
  7011 | D:10     | Entered Level 10 of the Dungeon
  7393 | D:6      | Bought a granite talisman for 840 gold pieces
  7898 | D:11     | Identified the +6 falchion of Bile {freeze, rElec rC+
                  | Dex+3}
  7959 | D:11     | Noticed a centaur warrior
  7969 | D:11     | Killed a centaur warrior
  8091 | D:11     | Found a staircase to the Orcish Mines.
  8538 | D:12     | Identified a scroll of acquirement
  8556 | D:12     | Found a flickering gateway to a bazaar.
  8563 | Bazaar   | Entered a bazaar
  8602 | Bazaar   | Found Edicvukh's General Store.
  8603 | Bazaar   | Found Ecauc's Distillery.
  8646 | Bazaar   | Found Cass's Jewellery Shoppe.
  8646 | Bazaar   | Found Pimaeg's Assorted Antiques.
  8668 | Bazaar   | Acquired 588 gold pieces
  8682 | Bazaar   | Bought a storm talisman for 880 gold pieces
  8703 | Bazaar   | Bought a potion of heal wounds for 65 gold pieces
  8703 | Bazaar   | Bought a potion of might for 52 gold pieces
  8703 | Bazaar   | Bought a potion of curing for 39 gold pieces
  8779 | D:12     | Reached XP level 13. HP: 97/103 MP: 13/13
  8991 | D:12     | Noticed Frances
  9010 | D:12     | Killed Frances
  9267 | D:12     | Found an iron altar of Okawaru.
  9516 | Orc:1    | Entered Level 1 of the Orcish Mines
  9614 | Orc:1    | Found Dipell's Magic Scroll Shop.
  9652 | Orc:2    | Entered Level 2 of the Orcish Mines
  9652 | Orc:2    | Noticed Donald
  9671 | Orc:2    | Killed Donald
  9763 | Orc:2    | Found Qymifoacs's General Store.
  9810 | Orc:2    | Bought a scroll of summoning for 114 gold pieces
  9810 | Orc:2    | Bought a potion of curing for 36 gold pieces
  9812 | Orc:2    | Found a staircase to the Elven Halls.
  9821 | Orc:2    | Noticed an orc warlord
  9824 | Orc:2    | Killed an orc warlord
 10069 | Orc:1    | Reached XP level 14. HP: 109/109 MP: 14/14
 10396 | Orc:2    | Found Jiti's Book Boutique.
 10400 | Orc:2    | Found Nufalasm's General Store.
 10461 | Orc:2    | Found Zohel's Antique Weapon Boutique.
 10618 | Orc:2    | Paralysed by an orc sorcerer for 5 turns
 10694 | Orc:2    | Found Qoavybom's Antique Armour Boutique.
 11029 | Lair:1   | Entered Level 1 of the Lair of Beasts
 11198 | Lair:1   | Bought the ring "Woom" {rElec rF+ Dex+2 Stlth+} for 460
                  | gold pieces
 11198 | Lair:1   | Bought the ring of Checkmate {Drain rN+ Will+ rCorr} for
                  | 312 gold pieces
 11372 | Lair:1   | Found a dark tunnel.
 11381 | Volcano  | Entered a volcano
 11568 | Volcano  | Identified the +0 pair of boots "Veati" {rCorr}
 11722 | Lair:1   | Noticed Grum
 11732 | Lair:1   | Killed Grum
 12192 | Lair:1   | Found a runed translucent door.
 12240 | Lair:1   | Reached skill level 1 in Dodging
 12396 | Lair:2   | Bought a potion of heal wounds for 70 gold pieces
 12419 | Lair:2   | Reached skill level 10 in Fighting
 12586 | Lair:2   | Noticed Fannar
 12610 | Lair:2   | Killed Fannar
 12902 | Lair:2   | Reached skill level 5 in Dodging
 13024 | Lair:2   | Found a staircase to the Shoals.
 13133 | Lair:2   | Reached XP level 15. HP: 115/118 MP: 15/15
 13335 | Lair:3   | Noticed Amaemon
 13341 | Lair:3   | Killed Amaemon
 13475 | Lair:3   | Found a hole to the Spider Nest.
 14037 | Lair:4   | Noticed Urug
 14062 | Lair:4   | Killed Urug
 14278 | Lair:4   | Reached skill level 10 in Dodging
 14679 | Lair:4   | Found a viscous altar of Jiyva.
 14679 | Lair:4   | Found a staircase to the Slime Pits.
 14842 | Lair:5   | Entered Level 5 of the Lair of Beasts
 15197 | Lair:5   | Identified the amulet "Dafiseas" {Acrobat Drain Will+
                  | Regen+ Int+3}
 15281 | Lair:5   | Reached XP level 16. HP: 132/132 MP: 16/16
 16216 | D:13     | Noticed Nessos
 16218 | D:13     | Killed Nessos
 16723 | D:14     | Reached skill level 10 in Unarmed Combat
 16806 | D:14     | Noticed Rupert
 16925 | D:14     | Noticed Kirke
 16940 | D:14     | Killed Kirke
 16993 | D:14     | Found a gate to the Vaults.
 17217 | D:15     | Entered Level 15 of the Dungeon
 17291 | D:15     | Found a staircase to the Depths.
 17343 | D:15     | Found a frozen archway.
 17465 | D:15     | Found a runed translucent gate.
 17466 | D:15     | Found a runed translucent gate.
 17469 | D:15     | Found a runed translucent gate.
 17471 | D:15     | Noticed WinterFox's ghost (journeyman DgCj)
 17974 | Shoals:1 | Entered Level 1 of the Shoals
 18173 | Shoals:1 | Identified the +2 leather armour "Litisamp" {rN+ Int+2}
 18764 | Shoals:2 | Noticed Polyphemus
 18773 | Shoals:2 | Reached XP level 17. HP: 140/140 MP: 17/17
 18779 | Shoals:2 | Killed Polyphemus
 19272 | Shoals:2 | Reached skill level 15 in Unarmed Combat
 19706 | Shoals:3 | Identified the granite talisman of Shadows and Fog {rF+
                  | Dex-3 SInv}
 19706 | Shoals:3 | Noticed Roxanne
 19714 | Shoals:3 | Killed Roxanne
 19828 | Shoals:3 | Found Railukh's Retail Resort.
 19843 | Shoals:3 | Bought a scroll of revelation for 97 gold pieces
 20161 | Shoals:4 | Entered Level 4 of the Shoals
 20367 | Shoals:4 | Identified the ring of Juan {Will+ rCorr Str+2}
 20416 | Shoals:4 | Got a barnacled rune of Zot
 20536 | Shoals:4 | Found a runed translucent door.
 20541 | Shoals:4 | Noticed Dega's ghost (adept SpHu)
 20550 | Shoals:4 | Identified the +8 spear of Doom {pain, Dex+4 SInv}
 20779 | Shoals:4 | Noticed Ilsuiw
 20803 | Shoals:4 | Killed Ilsuiw
 20815 | Shoals:4 | Reached XP level 18. HP: 99/147 MP: 18/18
 21310 | Spider:1 | Entered Level 1 of the Spider Nest
 21314 | Spider:1 | Bought a scroll of blinking for 135 gold pieces
 21314 | Spider:1 | Bought a scroll of poison for 72 gold pieces
 21381 | Spider:1 | Identified the +1 quarterstaff "Ase Lamp" {spect, rElec rF+
                  | Dex+3}
 22085 | Spider:1 | Identified the ring of Cirphays {*Slow rPois Will+ Dex+6}
 23050 | Spider:3 | Noticed Arachne
 23058 | Spider:3 | Killed Arachne
 23308 | Spider:4 | Entered Level 4 of the Spider Nest
 23388 | Spider:4 | Reached XP level 19. HP: 106/153 MP: 19/19
 23994 | Spider:4 | Got a gossamer rune of Zot
 23997 | Spider:4 | Identified the +2 hat "Venegh" {Str+2}
 24513 | Elf:1    | Entered Level 1 of the Elven Halls
 24863 | Elf:1    | Bought a potion of haste for 160 gold pieces
 24863 | Elf:1    | Bought 2 potions of might for 128 gold pieces
 25511 | Elf:2    | Found a runed translucent gate.
 25511 | Elf:2    | Found a runed translucent gate.
 25511 | Elf:2    | Found a runed translucent gate.
 25992 | Elf:3    | Entered Level 3 of the Elven Halls
 26014 | Elf:3    | Found Melilum's Book Emporium.
 26078 | Elf:3    | Reached XP level 20. HP: 160/160 MP: 20/20
 26095 | Elf:3    | Reached skill level 15 in Fighting
 26149 | Elf:3    | Reached skill level 15 in Dodging
 26214 | Elf:3    | Identified the +0 scale mail "Somnen" {+Blink rPois Int+4}
 26223 | Elf:3    | Identified the +12 rapier of Ubiquitous Absolution {heavy,
                  | Will+}
 26445 | Elf:3    | Identified the +4 robe of Paqalole {rPois}
 26834 | Elf:3    | Noticed Louise
 26840 | Elf:3    | Killed Louise
 27352 | Vaults:1 | Entered Level 1 of the Vaults
 27708 | Vaults:1 | Reached XP level 21. HP: 138/174 MP: 21/21
 27951 | Vaults:1 | Identified the serpent talisman of the Grue {rF++ rN+ Str+3
                  | Stlth+}
 27951 | Vaults:1 | Noticed Aizul
 27960 | Vaults:1 | Killed Aizul
 28177 | Vaults:1 | Identified the +3 scale mail of Beryfomm {Int+5 SInv}
 28423 | Vaults:1 | Found Zulopp's Assorted Antiques.
 29283 | Vaults:2 | Found Basy's Weapon Shoppe.
 29759 | Vaults:3 | Noticed Bai Suzhen
 29765 | Vaults:3 | Killed Bai Suzhen
 30153 | Vaults:3 | Noticed a dread lich
 30159 | Vaults:3 | Killed a dread lich
 30407 | Vaults:3 | Reached XP level 22. HP: 188/188 MP: 22/22
 30667 | Vaults:3 | Found a staircase to the Crypt.
 31196 | Vaults:4 | Found Duqac's Antique Armour Boutique.
 31237 | Vaults:4 | Found Funikitt's Magic Scroll Emporium.
 31258 | Vaults:4 | Found Annostrea's Jewellery Emporium.
 31544 | Vaults:4 | Found a transporter.
 31548 | Vaults:4 | Found a transporter.
 31550 | Vaults:4 | Noticed Jachav's ghost (veteran DECj)
 31550 | Vaults:4 | Identified the +5 giant club of the Pit {elec, Dex+4}
 31594 | Vaults:4 | Killed Jachav's ghost
 32048 | Vaults:5 | Entered Level 5 of the Vaults
 32076 | Vaults:5 | Noticed a dread lich
 32079 | Vaults:5 | Noticed a golden dragon
 32087 | Vaults:5 | Killed a golden dragon
 32091 | Vaults:5 | Killed a dread lich
 32098 | Vaults:5 | Noticed a golden dragon
 32107 | Vaults:5 | Killed a golden dragon
 32107 | Vaults:5 | Noticed an ancient lich
 32280 | Vaults:5 | Noticed a golden dragon
 32289 | Vaults:5 | Killed a golden dragon
 32296 | Vaults:5 | Identified the +3 long sword of Causality {elec, Str+4
                  | Dex+3 Stlth+}
 32323 | Vaults:5 | Killed an ancient lich
 32334 | Vaults:5 | Noticed Margery
 32343 | Vaults:5 | Killed Margery
 32463 | Vaults:5 | Identified the +9 battleaxe of the Charming Hero {speed,
                  | rN++ Str+3}
 32471 | Vaults:5 | Got a silver rune of Zot
 32473 | Vaults:5 | Identified the staff of Gluttony {rC+ Earth}
 32577 | Vaults:5 | Reached XP level 23. HP: 165/200 MP: 23/23
 32723 | Vaults:5 | Identified the +6 hand axe of Zuoh {freeze, rPois rCorr}
 32811 | Vaults:5 | Identified the staff of the Unspeakable One {+Blink rC+
                  | rCorr Int-3 Hexes Ice}
 32885 | Vaults:5 | Identified the +0 robe of Midwinter {+Inv Regen+}
 33183 | Vaults:5 | Identified the +2 whip "Rebonlur" {flame, rC- Int+3}
 33632 | Depths:1 | Entered Level 1 of the Depths
 33693 | Depths:1 | Noticed Asterion
 33697 | Depths:1 | Killed Asterion
 33788 | Depths:1 | Found a hazy altar of Hepliaklqana.
 33881 | Depths:2 | Found a gateway to Hell.
 34021 | Depths:2 | Found a one-way gate leading to the halls of Pandemonium.
 34180 | Depths:4 | Entered Level 4 of the Depths
 34248 | Depths:4 | Found a white marble altar of Elyvilon.
 34343 | Depths:4 | Noticed a caustic shrike
 34343 | Depths:4 | Noticed a caustic shrike
 34343 | Depths:4 | Noticed a caustic shrike
 34343 | Depths:4 | Noticed a caustic shrike
 34343 | Depths:4 | Noticed a caustic shrike
 34347 | Depths:4 | Killed a caustic shrike
 34348 | Depths:4 | Killed a caustic shrike
 34351 | Depths:4 | Killed a caustic shrike
 34351 | Depths:4 | Killed a caustic shrike
 34355 | Depths:4 | Killed a caustic shrike
 34418 | Depths:4 | Got the Atlas of Productive Impulse
 34430 | Depths:4 | Found a shadowy altar of Dithmenos.
 34469 | Depths:4 | Identified the scarf of the Immovable Mice {shadows, rPois
                  | Str+4 Stlth-}
 34587 | Depths:4 | Found a blossoming altar of Fedhas.
 34587 | Depths:4 | Found a one-way gateway to a ziggurat.
 34628 | Depths:4 | Noticed a golden dragon
 34633 | Depths:4 | Killed a golden dragon
 34757 | Depths:4 | Found a gate to the Realm of Zot.
 34858 | Zot:1    | Entered Level 1 of the Realm of Zot
 34861 | Zot:1    | Reached XP level 24. HP: 214/214 MP: 23/23
 35009 | Zot:1    | Noticed a curse toe
 35014 | Zot:1    | Killed a curse toe
 35340 | Zot:1    | Noticed a curse toe
 35357 | Zot:1    | Killed a curse toe
 35386 | Zot:1    | Noticed a curse toe
 35402 | Zot:1    | Killed a curse toe
 35410 | Zot:1    | Got the Collected Works on Wanderlust and the Bane
 36030 | Zot:5    | Entered Level 5 of the Realm of Zot
 36038 | Zot:5    | Noticed a curse toe
 36045 | Zot:5    | Killed a curse toe
 36112 | Zot:5    | Noticed an orb of fire
 36311 | Zot:5    | Noticed a dread lich
 36315 | Zot:5    | Noticed a Killer Klown
 36319 | Zot:5    | Noticed an orb of fire
 36329 | Zot:5    | Noticed a dread lich
 36332 | Zot:5    | Noticed a Killer Klown
 36332 | Zot:5    | Noticed an orb of fire
 36332 | Zot:5    | Noticed a Killer Klown
 36334 | Zot:5    | Killed an orb of fire
 36351 | Zot:5    | Killed a Killer Klown
 36352 | Zot:5    | Killed a dread lich
 36353 | Zot:5    | Reached XP level 25. HP: 178/223 MP: 23/23
 36387 | Zot:5    | Noticed an orb of fire
 36396 | Zot:5    | Killed an orb of fire
 36401 | Zot:5    | Noticed an orb of fire
 36402 | Zot:5    | Got the Orb of Zot
 36402 | Zot:5    | Noticed a Killer Klown
 36411 | Zot:5    | Killed a Killer Klown
 36416 | Zot:5    | Noticed an orb of fire
 37005 | D:4      | Noticed a seraph
 37013 | D:4      | Killed a seraph
 37072 | D:$      | Escaped with the Orb!

Illustrated notes

Levels and vault maps discovered:
D:1:      nzn_arrival_settlement, layout_basic, serial_shops, shop
D:2:      layout_rooms
D:3:      layout_basic, dreamdust_mushroom_princess, uniq_terence
D:4:      layout_basic, lemuel_mausoleum_altar_yredelemnul,
          mainiacjoe_sewer_entry_somewhere_in_here_1, minmay_fire_ice_demons
D:5:      layout_loops_corners, minmay_temple_entry_butterflies, serial_glass,
          glass_columns_a, glass_columns_b
D:6:      layout_loops_ring, mainiacjoe_overflow_alcove_4, serial_shops, shop,
          minmay_shop_damaged, uniq_blork_the_orc, uniq_crazy_yiuf_cottage
D:7:      layout_rooms, kennysheep_mini_moat, old_standard_altar
D:8:      layout_basic, grunt_decor_resistance, disabler_island
D:9:      layout_irregular_city, nicolae_qazlal_eye_of_the_storm,
          grunt_lair_entry_orc_guard_hut, nicolae_custom_books,
          nrook_mini_backslash
D:10:     layout_small_grid
D:11:     layout_rooms, kennysheep_orc_monster_closet_entryway
D:12:     layout_loops_cross, serial_shops, freezing_bzr,
          nicolae_zen_rock_garden, okawaru_ov_weapons_minmay, uniq_frances
D:13:     layout_roguey, serial_bayou_pond_e, uniq_nessos
D:14:     layout_loops_ring, hellmonk_vaults_attempted_burglary,
          serial_bayou_shore_b, uniq_rupert, uniq_kirke
D:15:     hangedman_depths_entry_try_elsewhere_first, layout_small_grid,
          minmay_misc_feat_alley, gammafunk_ghost_tricky_traps,
          portal_ice_cave_entry_pillars_1, serial_library_hellmonk_open_square
Temple:   nicolae_temple_bog_church
Lair:1:   gammafunk_lair_enchanted_lake, layout_loops_ring, enter_volcano_1,
          uniq_grum
Lair:2:   layout_layer_cave, nicolae_shoals_entry_roost, grunt_megastairs_2,
          infiniplex_staircase_pool, serial_bayou_shore_a, lemuel_fruit_fields,
          uniq_fannar
Lair:3:   layout_chaotic_city, nicolae_spider_entry_lesser_pyramids,
          grunt_megastairs_1, uniq_amaemon
Lair:4:   layout_cave_pods, nicolae_slime_entry_slimehenge, grunt_megastairs_5,
          lemuel_fruit_fields, uniq_urug
Lair:5:   gammafunk_lair_ancient_temple, layout_layer_cave
Shoals:1: layout_shoals, nicolae_island_escapes
Shoals:2: layout_shoals, uniq_polyphemus
Shoals:3: layout_shoals, nicolae_alphabet_shops, nicolae_shoals_goliath_grotto,
          uniq_roxanne
Shoals:4: shoals_end_simple, layout_shoals, shoal_ilsuiw,
          ebering_ghost_reflecting_pool
Spider:1: nicolae_spider_broodchamber, hangedman_spider_tarantella_strand
Spider:2: layout_spider_delve, nicolae_spider_twisty_arc_passages
Spider:3: layout_spider_delve, uniq_arachne
Spider:4: floodkiller_spider_rune_tomb
Orc:1:    layout_diamond_mine, serial_shops, shop
Orc:2:    grunt_orc_cross, layout_caves, serial_shops, shop, uniq_donald
Elf:1:    eino_elf_arrival_shootout, layout_loops_corners, minivault_28
Elf:2:    elven_hall_of_blades_hangedman_original [nicolae_blade_little_rooms],
          layout_onion_city, uniq_saint_roka
Elf:3:    minmay_elf_hall_furrowed, layout_gridlike, serial_shops, shop,
          sword_in_stone
Vaults:1: nicolae_vaults_prndl, nicolae_vaults_trapezoid_lopsided_1,
          nicolae_vaults_circle_grid_a, nicolae_vaults_storage_closets_2,
          nicolae_vaults_shipping_containers_5, v_pattern_5, v_misc_5,
          vaults_room_fours, ontoclasm_vaults_misaligned,
          hangedman_vaults_stream, hangedman_vaults_stagger,
          ontoclasm_vaults_fault, nicolae_vaults_theta,
          nicolae_vaults_tetromino_T_1, layout_vaults_ring, serial_shops, shop,
          uniq_aizul
Vaults:2: ontoclasm_vaults_loading_screen, ontoclasm_vaults_ring_small,
          nicolae_vaults_tetromino_L_2, nicolae_vaults_stepped_doors,
          nicolae_vaults_closet_pinwheel_1, serial_library_hellmonk_semicircle,
          nicolae_vaults_tetromino_T_1, vaults_dpeg_encased_lava,
          nicolae_vaults_taking_the_gang_shopping, nicolae_vaults_house_2,
          nicolae_vaults_diamond_1, layout_vaults_omnigrid
Vaults:3: hangedman_vaults_river_flow, nicolae_vaults_turnstiles,
          minmay_crypt_entry_simple_round, hangedman_vaults_impose,
          nicolae_vaults_doubleplus_tesselated, v_misc_26,
          nicolae_vaults_little_squares_1, hangedman_vaults_variations,
          nicolae_vaults_spaceships, nicolae_vaults_halls_meeting,
          ontoclasm_vaults_ring_small, nicolae_vaults_diagonal_hallway_7,
          layout_vaults_omnibox, uniq_bai_suzhen
Vaults:4: gammafunk_ghost_smash, nicolae_vaults_big_angled_halls, v_pattern_2,
          v_alt_pattern_1, v_misc_12, vaults_mumra_hexcomb,
          vaults_mumra_chevron, nicolae_vaults_closet_pinwheel_1,
          grunt_vaults_hallway_short, nicolae_vaults_network_periphery,
          nicolae_vaults_trapezoid_4, layout_vaults_omnicross, serial_shops,
          shop, nicolae_shop_behind_doors, nicolae_shop_tiny_glass
Vaults:5: serial_shops, uniq_margery
Depths:1: layout_honeycomb, grunt_hell_entry_dis_grunt, minmay_hedge_maze,
          nicolae_two_hexagons, worldfamousw_hep_ancestral_shrine,
          minmay_shoptagon, uniq_asterion, uniq_mara
Depths:2: dreamdust_cat_pyramid, layout_honeycomb, grunt_metal_band,
          grunt_pan_entry_zigzag, serial_shops, shop, minmay_misc_feat_enclosed
Depths:3: dreamdust_experimentation, layout_basic, hell_entry, abyss_entry,
          minmay_misc_feat_columns, grunt_ministairs_13, kennysheep_nub,
          nicolae_elyvilon_temple_path, firewood_loft,
          infiniplex_staircase_zigzag_3
Depths:4: grunt_profane_halls [grunt_profane_temple_tar,
          grunt_profane_temple_dis, grunt_profane_temple_geh,
          grunt_profane_temple_coc, grunt_zot_portal], serial_shops, hell_entry
Zot:1:    bobbens_index_wilting_gardens, layout_concentric_octagons,
          hangedman_zot_decor_slant
Zot:2:    regret_index_zot_pan_timeshare, layout_onion,
          regret_index_zotdec_slimy_original, grunt_ministairs_4,
          uniq_josephina, uniq_grunn
Zot:3:    layout_cathedral_of_symmetry, regret_index_zotdec_ceiling_fans,
          grunt_megastairs_4
Zot:4:    grunt_zot_stairs_faceoff, layout_misc_corridors,
          regret_index_zotdec_icy_dp
Zot:5:    layout_misc_corridors

Skill      XL: |  1  2  3  4  5  6  7  8  9 10 11 12 13 14 15 16 17 18 19 20 21 22 23 24 25 |
---------------+----------------------------------------------------------------------------+-----
Polearms       | 3 4 5 6 8 9 11 12 | 12.6
Fighting       | 4 5 6 7 9 11 13 14 17 19 21 23 24 | 24.1
Shapeshifting  | 1 9 16 17 20 23 24 26 | 26.6
Unarmed Combat | 9 14 18 21 24 | 24.5
Dodging        | 5 11 13 17 20 22 24 26 | 26.2
Armour         | |  2.1
Shields        | |  3.0

Action                     |  1- 3 |  4- 6 |  7- 9 | 10-12 | 13-15 | 16-18 | 19-21 | 22-24 | 25-27 || total
---------------------------+-------+-------+-------+-------+-------+-------+-------+-------+-------++-------
  Melee: Trident           |   127 |   217 |   441 |   359 |   546 |       |       |       |       ||  1690
         Unarmed           |       |       |       |       |   319 |   742 |   658 |   755 |   101 ||  2575
         Punch             |       |       |       |       |    22 |    61 |   103 |   127 |    11 ||   324
         Tailslap          |       |       |       |       |     2 |       |       |       |       ||     2
 Invoke: Call Merchant     |       |       |       |       |     3 |     2 |     3 |       |       ||     8
         Bribe Branch      |       |       |       |       |       |       |       |     3 |       ||     3
Ability: Blinkbolt         |       |       |       |       |    35 |    92 |    82 |    49 |     9 ||   267
  Evoke: Wand              |       |       |       |     1 |       |       |       |     1 |     1 ||     3
    Use: Scroll            |       |    12 |     7 |    11 |     8 |     1 |     5 |     7 |     4 ||    55
         Potion            |       |     1 |       |     4 |     8 |       |     5 |     5 |     5 ||    28
   Stab: Distracted        |       |     1 |     2 |     1 |    14 |    13 |    11 |    12 |     2 ||    56
         Sleeping          |       |     3 |     1 |     1 |     4 |     5 |     4 |     1 |       ||    19
         Invisible         |       |       |       |       |     7 |       |     4 |     5 |       ||    16
         Held in net/web   |       |       |       |       |       |       |     1 |       |       ||     1
 Armour: Scale mail        |    64 |     1 |       |       |       |       |       |       |       ||    65
         Leather armour    |       |    91 |   180 |   132 |       |       |       |       |       ||   403
         Skin              |       |       |       |   112 |   497 |   207 |    98 |   155 |    22 ||  1091
  Dodge: Dodged            |    38 |    64 |   123 |   152 |   555 |   983 |   536 |   768 |   105 ||  3324
  Block: Buckler           |    21 |    40 |    56 |    75 |   119 |       |       |       |       ||   311
   Form: Statue            |       |       |       |     1 |       |       |       |       |       ||     1
         Storm             |       |       |       |       |     1 |       |       |       |       ||     1

Table legend: (Time is in decaauts)
 A = Elapsed time spent in this place.
 B = Non-inter-level travel time spent in this place.
 C = Inter-level travel time spent in this place.
 D = Time resting spent in this place.
 E = Time spent auto-exploring this place.
 F = Levels seen in this place.
 G = Mean time per level.
                   A        B        C        D        E       F      G
               +--------+--------+--------+--------+--------+-----+--------+
         Total |  37969 |  34246 |   3723 |    488 |  26227 |  51 |  744.5 |
       Dungeon |  12234 |  10545 |   1689 |    174 |   8181 |  15 |  815.6 |
        Temple |     14 |      2 |     12 |      0 |      0 |   1 |   14.0 |
          Lair |   5266 |   4759 |    507 |     71 |   3770 |   5 | 1053.2 |
        Shoals |   3081 |   2905 |    176 |     55 |   2206 |   4 |  770.2 |
   Spider Nest |   2918 |   2786 |    132 |      2 |   2205 |   4 |  729.5 |
  Orcish Mines |   2107 |   1909 |    198 |     94 |   1338 |   2 | 1053.5 |
   Elven Halls |   2616 |   2493 |    123 |     46 |   2051 |   3 |  872.0 |
        Vaults |   5928 |   5646 |    282 |      0 |   4597 |   5 | 1185.6 |
        Depths |   1241 |   1017 |    224 |      0 |    671 |   4 |  310.2 |
           Zot |   1645 |   1268 |    377 |     45 |    744 |   5 |  329.0 |
        Bazaar |    226 |    226 |      0 |      0 |    151 |   1 |  226.0 |
         Sewer |    362 |    362 |      0 |      0 |    191 |   1 |  362.0 |
       Volcano |    327 |    327 |      0 |      0 |    118 |   1 |  327.0 |
               +--------+--------+--------+--------+--------+-----+--------+

Top non-repeatable levels by time:
  Lair:1: 1574 daAuts
Vaults:5: 1334 daAuts
   Orc:2: 1295 daAuts
Vaults:1: 1294 daAuts
    D:12: 1261 daAuts
Vaults:3: 1191 daAuts
   Elf:3: 1131 daAuts
  Lair:2: 1129 daAuts
Vaults:2: 1080 daAuts
    D:11: 1076 daAuts
     D:4: 1046 daAuts
Vaults:4: 1026 daAuts
    D:10: 993 daAuts
  Lair:5: 988 daAuts
Shoals:4: 975 daAuts
